 Dungeon Crawl Stone Soup version 0.30-a0-618-gd6c86c23d0 (webtiles) character file.

Game seed: 6696985532500077457

342 acebull12 the Firebug (level 6, -2/53 HPs)
             Began as a Hill Orc Cinder Acolyte on Jan 9, 2023.
             Was a High Priest of Ignis.
             Slain by a scorpion (5 damage)
             ... on level 4 of the Dungeon.
             The game lasted 00:07:49 (3901 turns).

acebull12 the Firebug (Hill Orc Cinder Acolyte)     Turns: 3901, Time: 00:07:49

Health: -2/53      AC:  5    Str: 25    XL:     6   Next: 57%
Magic:  1/8        EV: 10    Int: 14    God:    Ignis [*****.]
Gold:   165        SH:  0    Dex:  6    Spells: 6/8 levels left

rFire   + . .      SeeInvis .    a - -1 hand axe (flame)
rCold   . . .      Faith    .    (no shield)
rNeg    . . .      Spirit   .    o - +0 ring mail
rPois   .          Reflect  .    (no helmet)
rElec   .          Harm     .    (no cloak)
rCorr   .          Rampage  .    (no gloves)
Will    .....                    (no boots) Stlth
                                 (no amulet)
HPRegen 0.28/turn                j - +6 ring of strength
MPRegen 0.11/turn                s - ring of wizardry

@: lethally poisoned (-2 -> -13)
A: no striking features
a: Renounce Religion, Fiery Armour, Foxfire Swarm, Rising Flame


You were on level 4 of the Dungeon.
You worshipped Ignis.
Ignis was extremely pleased with you.
You visited 2 branches of the dungeon, and saw 5 of its levels.

You collected 165 gold pieces.

Inventory:

Hand Weapons
 a - a -1 hand axe of flaming (weapon)
Missiles
 k - 41 stones (quivered)
Armour
 m - a +0 leather armour
 o - a +0 ring mail (worn)
Jewellery
 j - a +6 ring of strength (left hand)
 s - a ring of wizardry (right hand)
Wands
 v - a wand of acid (9)
Scrolls
 c - 2 scrolls of summoning {unknown}
 f - 2 scrolls of enchant weapon {unknown}
 g - a scroll of blinking {unknown}
 h - 2 scrolls of teleportation {unknown}
 l - a scroll of immolation {unknown}
 n - a scroll of poison {unknown}
 q - a scroll of fog {unknown}
 r - a scroll of fear {unknown}
 x - a scroll of noise {unknown}
 y - a scroll of magic mapping {unknown}
Potions
 b - a potion of resistance {unknown}
 d - 3 potions of heal wounds {unknown}
 e - 5 potions of curing {unknown}
 i - 2 potions of degeneration {unknown}
 p - a potion of ambrosia {unknown}
 t - a potion of flight {unknown}
 u - a potion of magic {unknown}
 w - a potion of brilliance {unknown}


   Skills:
 + Level 4.5 Fighting
 + Level 5.6 Axes
 + Level 0.9 Armour
 + Level 0.2 Dodging
 + Level 0.6 Stealth
 + Level 1.8 Spellcasting
 * Level 5.7 Fire Magic


You had 6 spell levels left.
You knew the following spells:

 Your Spells              Type           Power      Damage    Failure   Level
a - Scorch                Fire           34%        2d7       1%          2

Your spell library contained the following spells:

 Spells                   Type           Power      Damage    Failure   Level


Dungeon Overview and Level Annotations

Branches:
Dungeon (4/15)             Temple (1/1) D:4

Altars:
Ashenzari
Cheibriados
Dithmenos
Elyvilon
Fedhas
Hepliaklqana
Kikubaaqudgha
Nemelex Xobeh
Okawaru
Qazlal
Ru
Trog
Uskayaw
Vehumet
Wu Jian
Zin


Message History

You hit the scorpion. You burn the scorpion.
The scorpion is heavily wounded.
You feel very sick.
The scorpion stings you but does no damage.
You hit the scorpion. You burn the scorpion.
The scorpion is severely wounded.
You feel sick. The scorpion stings you.
You closely miss the scorpion.
The scorpion is severely wounded.
You feel sick.
The scorpion stings you but does no damage.
You hit the scorpion but do no damage.
The scorpion is severely wounded.
You feel sick.
The scorpion stings you but does no damage.
The scorpion stings you.
You barely miss the scorpion.
The scorpion is heavily wounded.
You feel sick. The scorpion stings you.
You completely miss the scorpion.
The scorpion is heavily wounded.
You feel sick.
The scorpion stings you but does no damage.
You hit the scorpion but do no damage.
The scorpion is heavily wounded.
You feel sick. The scorpion stings you.
* * * LOW HITPOINT WARNING * * *
You hit the scorpion but do no damage.
The scorpion is heavily wounded.
You feel sick. The scorpion stings you.
* * * LOW HITPOINT WARNING * * *
You hit the scorpion. You burn the scorpion.
The scorpion is almost dead.
You feel sick.
You are no longer poisoned.
The scorpion stings you.
* * * LOW HITPOINT WARNING * * *
You are lethally poisoned!
The scorpion poisons you! The scorpion stings you.
You die...

.................#).....
# #...........###.....#..
#. #....⌠....##.#........
#..##.......##..#..#.....
#...'.......)...#......##
#..##.......##..#.##....#
#....#....# .#.##>.<..
#..##s##..# #.###...#
#.##!@.##.# #.# #...# #.
##### .# #.# #...# . ..
..# #...# .. ########....
.. ###...........
..............
..............
.#.#####.#.... #.#....


You could see a scorpion.

Vanquished Creatures
  A scorpion (D:4)
  A howler monkey (D:4)
  2 hounds (D:4)
  Ijyb (D:3)
  5 adders
  An ufetubus (D:4)
  2 worms
  2 dart slugs
  11 orcs (D:3)
  12 endoplasms
  A giant cockroach (D:3)
  5 hobgoblins
  4 jackals (D:1)
  7 kobolds
  5 quokkas
  5 ball pythons
  8 bats
  5 frilled lizards
  9 goblins
  5 rats
92 creatures vanquished.

Notes
Turn   | Place    | Note
-------+----------+-------------------------------------------
     0 | D:1      | acebull12 the Hill Orc Cinder Acolyte began the quest for
                  | the Orb.
     0 | D:1      | Reached XP level 1. HP: 19/19 MP: 2/2
   152 | D:1      | Reached XP level 2. HP: 27/27 MP: 3/3
   410 | D:1      | Reached XP level 3. HP: 23/33 MP: 4/4
   414 | D:1      | Learned a level 2 spell: Scorch
   637 | D:1      | Found a faded altar of an unknown god.
   948 | D:2      | Reached skill level 5 in Axes
  1047 | D:2      | Reached XP level 4. HP: 41/41 MP: 0/5
  2054 | D:3      | Noticed Ijyb
  2079 | D:3      | Killed Ijyb
  2080 | D:3      | Reached XP level 5. HP: 46/47 MP: 1/6
  3146 | D:4      | Reached skill level 5 in Fire Magic
  3146 | D:4      | Reached XP level 6. HP: 50/53 MP: 3/8
  3336 | D:4      | Found a staircase to the Ecumenical Temple.
  3436 | Temple   | Entered the Ecumenical Temple
  3901 | D:4      | Slain by a scorpion

Illustrated notes

Levels and vault maps discovered:
D:1:      shiori_arrival_oz, layout_rooms,
          hellmonk_ecumenical_altar_heavens_door, minmay_tripent
D:2:      layout_rooms
D:3:      layout_basic, uniq_ijyb
D:4:      layout_loops_cross, minmay_temple_entry_crystal_x, minmay_pentangle
Temple:   minmay_temple_bridge_d

Skill      XL: |  1  2  3  4  5 |
---------------+----------------+-----
Fighting       | 4 |  4.5
Axes           | 5 |  5.6
Fire Magic     | 4 5 |  5.7
Armour         | |  0.9
Dodging        | |  0.2
Stealth        | |  0.6
Spellcasting   | |  1.8

Action                   |  1- 3 |  4- 6 || total
-------------------------+-------+-------++-------
Melee: Hand axe          |   110 |    87 ||   197
       Punch             |       |     1 ||     1
Throw: Stone             |     2 |       ||     2
 Cast: Scorch            |     2 |    44 ||    46
Armor: Robe              |    20 |       ||    20
       Leather armour    |     4 |       ||     4
       Ring mail         |       |    26 ||    26
Dodge: Dodged            |    69 |    45 ||   114

Table legend: (Time is in decaauts)
 A = Elapsed time spent in this place.
 B = Non-inter-level travel time spent in this place.
 C = Inter-level travel time spent in this place.
 D = Time resting spent in this place.
 E = Time spent auto-exploring this place.
 F = Levels seen in this place.
 G = Mean time per level.
                   A        B        C        D        E       F      G
               +--------+--------+--------+--------+--------+-----+--------+
         Total |   3912 |   3578 |    334 |    129 |   2805 |   5 |  782.4 |
       Dungeon |   3659 |   3333 |    326 |    129 |   2571 |   4 |  914.8 |
        Temple |    252 |    244 |      8 |      0 |    234 |   1 |  252.0 |
               +--------+--------+--------+--------+--------+-----+--------+

Top non-repeatable levels by time:
     D:3: 1409 daAuts
     D:1: 842 daAuts
     D:4: 734 daAuts
     D:2: 674 daAuts
  Temple: 252 daAuts
